 Dungeon Crawl Stone Soup version 0.29-a0-541-gaf1fc19f1b (webtiles) character file.

Game seed: 332451377020755595

35 Anon1729 the Chopper (level 3, -1/31 HPs)
             Began as a Meteoran Monk on June 2, 2022.
             Slain by a gnoll
             ... wielding a +0 flail
              (7 damage)
             ... on level 3 of the Dungeon.
             The game lasted 00:01:58 (819 turns).

Anon1729 the Chopper (Meteoran Monk)                 Turns: 819, Time: 00:01:59

Health: -1/31      AC:  3    Str: 14    XL:     3   Next: 76%
Magic:  4/4        EV: 13    Int: 11    God:
Gold:   40         SH:  0    Dex: 17    Spells: 2/2 levels left

rFire   + . .      SeeInvis +   a - +0 hand axe
rCold   . . .      Faith    .   (no shield)
rNeg    . . .      Spirit   .   e - +0 leather armour
rPois   .          Reflect  .   (no helmet)
rElec   .          Harm     .   (no cloak)
rCorr   .          Rampage  .   (no gloves)
Will    .....                   (no boots)
Stlth   +.........              (no amulet)
HPRegen 0.10/turn               f - ring of protection from fire
MPRegen 0.09/turn               d - ring of see invisible

@: glowing
A: sense surroundings 1, otherworldly, glowing, explore regen
a: no special abilities


You were on level 3 of the Dungeon.
You visited 1 branch of the dungeon, and saw 3 of its levels.

You collected 40 gold pieces.

Inventory:

Hand Weapons
 a - a +0 hand axe (weapon)
Armour
 b - a +0 robe
 e - a +0 leather armour (worn)
 m - a +0 scale mail
Jewellery
 d - a ring of see invisible (right hand)
 f - a ring of protection from fire (left hand)
Scrolls
 g - a scroll of identify {unknown}
 h - a scroll of teleportation {unknown}
 k - a scroll of fog {unknown}
Potions
 c - a potion of ambrosia
 i - a potion of resistance {unknown}
 j - a potion of mutation {unknown}
 l - 2 potions of curing {unknown}


   Skills:
 + Level 3.6 Fighting
 * Level 4.2 Axes
 + Level 1.2 Armour
 - Level 3.6 Dodging
 + Level 1.6 Stealth
 + Level 1.2 Invocations


You had 2 spell levels left.
You didn't know any spells.
Your spell library contained the following spells:

 Spells                   Type           Power      Damage    Failure   Level
 Tukima's Dance           Hex            0%         N/A       78%         3
 Passage of Golubria      Tloc           0%         N/A       99%         4
 Yara's Violent Unravell  Hex/Tmut       0%         3d3       100%        5


Dungeon Overview and Level Annotations

Branches:
Dungeon (3/15)

Altars:


Innate Abilities, Weirdness & Mutations

You passively map a small area around you.
You are easily found by Zot.
You glow in the dark.
You regain HP and MP as you explore.


Message History

k - a scroll labelled COXZIM MUSU
Found a scale mail.
l - 2 viscous purple potions A gnoll comes into view.
It is wielding a +0 flail.
Things that are here:
a +0 scale mail; Great Wizards, Vol.
VII
Okay, then.
m - a +0 scale mail You pick up Great Wizards, Vol.
VII and begin reading...
You add the spells Tukima's Dance, Passage of Golubria and Yara's Violent Unravelling to your library.
Found a viscous purple potion.
You barely miss the gnoll. The gnoll hits you with a +0 flail.
The gnoll misses you.
You hit the gnoll but do no damage. The gnoll hits you with a +0 flail.
You hit the gnoll.
The gnoll is lightly wounded.
The gnoll closely misses you.
You barely miss the gnoll.
The gnoll is lightly wounded.
The gnoll barely misses you.
You hit the gnoll.
The gnoll is moderately wounded.
The gnoll barely misses you.
You barely miss the gnoll.
The gnoll is moderately wounded.
The gnoll hits you with a +0 flail.
You closely miss the gnoll.
The gnoll is moderately wounded.
The gnoll hits you with a +0 flail!
You hit the gnoll.
The gnoll is heavily wounded.
The gnoll completely misses you.
You hit the gnoll.
The gnoll is heavily wounded.
The gnoll hits you with a +0 flail.
* * * LOW HITPOINT WARNING * * *
You hit the gnoll.
The gnoll is almost dead.
The gnoll hits you with a +0 flail!
You die...

#+#.....##......##.......#,
.........................#*
*
......#####......##......#
.†....#####.......#......#
..†......................#
.........................#
.......................###
, #................###....#
* #...............@# #....#
#...............g.........
#.........#...............
,
#.........................
, , ..............., * ,
........###...., ........#
*.... , , ,.....!..# ,... ,
,


You could see a gnoll.

Vanquished Creatures
  A dart slug (D:1)
  5 bats
  5 endoplasms
  A goblin (D:1)
  7 hobgoblins
  2 quokkas
  2 ball pythons (D:1)
  2 frilled lizards
  A kobold (D:1)
  A rat (D:3)
27 creatures vanquished.

Notes
Turn   | Place    | Note
-------+----------+-------------------------------------------
     0 | D:1      | Anon1729 the Meteoran Monk began the quest for the Orb.
     0 | D:1      | Reached XP level 1. HP: 19/19 MP: 2/2
    13 | D:1      | Reached XP level 2. HP: 21/26 MP: 3/3
    26 | D:1      | Found a faded altar of an unknown god.
   355 | D:1      | Reached skill level 4 in Axes
   496 | D:1      | Glimpsed the power of Zot.
   516 | D:1      | Reached XP level 3. HP: 31/31 MP: 4/4
   546 | D:1      | Glimpsed the power of Zot.
   567 | D:2      | Reached skill level 1 in Invocations
   568 | D:2      | Reached skill level 1 in Armour
   819 | D:3      | Slain by a gnoll

Illustrated notes

Levels and vault maps discovered:
D:1:      minmay_arrival_five_plusses, layout_loops_ring,
          nicolae_ecumenical_snake_handling, serial_shops, shop_statue
D:2:      layout_loops_ring, basic_altar
D:3:      layout_basic, nicolae_ru_great_annihilating_truth,
          nicolae_gozag_zags_fifth_avenue

Skill      XL: |  1  2  3 |
---------------+----------+-----
Axes           | 4 |  4.2
Invocations    | 1 |  1.2
Armour         | 1 |  1.2
Fighting       | |  3.6
Dodging        | |  3.6
Stealth        | |  1.6

Action                   || total
-------------------------++-------
Melee: Hand axe          ||    84
       Punch             ||     1
Armor: Robe              ||     4
       Leather armour    ||    21
Dodge: Dodged            ||    58

Table legend: (Time is in decaauts)
 A = Elapsed time spent in this place.
 B = Non-inter-level travel time spent in this place.
 C = Inter-level travel time spent in this place.
 D = Time resting spent in this place.
 E = Time spent auto-exploring this place.
 F = Levels seen in this place.
 G = Mean time per level.
                   A        B        C        D        E       F      G
               +--------+--------+--------+--------+--------+-----+--------+
         Total |    826 |    772 |     54 |      0 |    462 |   3 |  275.3 |
       Dungeon |    826 |    772 |     54 |      0 |    462 |   3 |  275.3 |
               +--------+--------+--------+--------+--------+-----+--------+

Top non-repeatable levels by time:
     D:1: 569 daAuts
     D:2: 183 daAuts
     D:3: 73 daAuts
